 Dungeon Crawl Stone Soup version 0.26-a0-812-g31a745ddcd (webtiles) character file.

Game seed: 16288769655828956593

3762 graki42 the Thaumaturge (level 9, -17/45 HPs)
             Began as a Deep Elf Conjurer on Nov 20, 2020.
             Was a Believer of Vehumet.
             Killed by an exploding fulminant prism (26 damage)
             ... created by the player character
             ... on level 8 of the Dungeon.
             The game lasted 00:22:32 (7379 turns).

graki42 the Thaumaturge (Deep Elf Conjurer)         Turns: 7379, Time: 00:22:33

Health: -17/45     AC:  4    Str:  7    XL:     9   Next: 94%
Magic:  21/25      EV: 28    Int: 30    God:    Vehumet [**....]
Gold:   470        SH:  0    Dex: 13    Spells: 17/28 levels left

rFire    . . .     SeeInvis .   z - staff of earth
rCold    . . .     Faith    .   (no shield)
rNeg     . . .     Spirit   .   a - +0 robe
rPois    .         Reflect  .   x - +0 helmet
rElec    .         Harm     .   (no cloak)
rCorr    .         Rampage  .   D - +0 pair of gloves
MR       .....                  (no boots)
Stlth    ++........             B - amulet of the acrobat
HPRegen  0.15/turn              h - +6 ring of intelligence
MPRegen  0.19/turn              (no ring)

@: acrobat
A: no striking features
a: Renounce Religion


You were on level 8 of the Dungeon.
You worshipped Vehumet.
Vehumet was pleased with you.
You visited 1 branch of the dungeon, and saw 8 of its levels.
You also visited: Sewer.

You collected 470 gold pieces.

Inventory:

Armour
 a - a +0 robe (worn)
 b - a +2 kite shield
 f - a +0 pair of gloves
 x - a +0 helmet (worn)
 C - +0 fire dragon scales
 D - a +0 pair of gloves (worn)
Magical Staves
 z - an uncursed staff of earth (weapon)
Jewellery
 h - a +6 ring of intelligence (left hand)
 A - an uncursed amulet of guardian spirit
 B - an amulet of the acrobat (around neck)
Wands
 m - a wand of random effects (17)
 y - a wand of paralysis (12)
 E - a wand of flame (14)
 J - a wand of digging (6)
Scrolls
 c - 3 scrolls of teleportation
 g - 4 scrolls of identify
 j - 3 scrolls of remove curse
 p - 2 scrolls of enchant weapon {unknown}
 s - 4 scrolls of magic mapping {unknown}
 t - 2 scrolls of fear
 v - a scroll of fog
 w - 2 scrolls of noise {unknown}
 F - a scroll of amnesia {unknown}
 H - a scroll of random uselessness {unknown}
 K - a scroll of immolation {unknown}
Potions
 d - a potion of degeneration {unknown}
 e - a potion of mutation {unknown}
 i - 2 potions of invisibility {unknown}
 k - 3 potions of heal wounds {unknown}
 l - 3 potions of curing {unknown}
 n - 3 potions of cancellation {unknown}
 o - 2 potions of haste
 q - a potion of resistance {unknown}
 r - 7 potions of might {unknown}
 u - 2 potions of attraction {unknown}
 G - 2 potions of flight {unknown}
 I - a potion of lignification {unknown}


   Skills:
 - Level 3.0 Dodging
 - Level 3.0 Stealth
 + Level 10.0 Spellcasting
 + Level 9.4 Conjurations
 + Level 8.6 Hexes
 + Level 7.1 Translocations


You had 17 spell levels left.
You knew the following spells:

 Your Spells              Type           Power        Failure   Level
a - Magic Dart            Conj           ####         1%          1
b - Searing Ray           Conj           ######       1%          2
c - Fulminant Prism       Conj/Hex       ######....   1%          4
d - Iskenderun's Mystic   Conj/Tloc      ######..     1%          4

Your spell library contained the following spells:

 Spells                   Type           Power        Failure   Level
 Shock                    Conj/Air       ####         1%          1
 Dazzling Flash           Conj/Hex       ######       1%          3


Dungeon Overview and Level Annotations

Branches:
Dungeon (8/15)             Temple (0/1) D:7            Lair (0/6) D:8
  Sewer (visited)

Altars:
Cheibriados
Elyvilon
Fedhas
Gozag
Kikubaaqudgha
Ru
Uskayaw
Vehumet
Xom
Yredelemnul


Message History

You feel a bit more experienced.
You hear a shout!
Casting: Fulminant Prism (dangerous; 1% risk of failure)
Confirm with . or Enter, or press ? or * to list all spells.
Press: ? - help, Dir - move target cursor You conjure a prism of explosive energy!
A fulminant prism comes into view.
The orc hits you with a +0 dagger.
Your fulminant prism crackles loudly.
The orc hits you with a +0 dagger.
The orc priest invokes the aid of Beogh against you.
Beogh smites you!
* * * LOW HITPOINT WARNING * * *
Your fulminant prism explodes!
The blast of energy engulfs the orc priest!!!
You kill the orc priest!
Vehumet accepts your kill.
You feel your power returning. The blast of energy engulfs you!!
Ouch! That really hurt!
You die...

## #.## ..
.... . #. ...
.. ##) ))#
...##.. ..##
..... ...
#.##.o#.###.#
#.....@.....#
......##.#####
##.## ?# .# .#
######### ##
##........
####.....##..
#.YY.<>...#.[
#Y##.........


You could see an orc.

Vanquished Creatures
  A death yak (D:6)
  Pikel (D:5)
  Prince Ribbit (D:7)
  Eustachio (D:5)
  Menkaure (D:4)
  2 sky beasts
  2 phantoms (D:6)
  A centaur (D:6)
  3 ogres
  3 lemures (D:5)
  Blork the orc (D:5)
  A bullfrog (D:6)
  A scorpion (D:6)
  4 howler monkeys
  9 wights
  A quasit (D:6)
  2 jellies
  4 orc priests
  A bullfrog skeleton (D:7)
  A hound (D:6)
  An orc wizard (D:6)
  An iguana (D:6)
  4 worker ants
  Robin (D:4)
  11 gnolls
  10 adders
  A howler monkey skeleton (D:7)
  A river rat (Sewer)
  2 white imps
  An ooze (D:5)
  An adder zombie (D:2)
  5 worms
  4 dart slugs
  5 leopard geckos
  8 orcs
  8 giant cockroaches
  14 goblins
  12 hobgoblins
  6 jackals (D:2)
  5 kobolds
  A quokka (D:3)
  5 ball pythons
  3 bats
  15 frilled lizards
  A giant cockroach zombie (D:5)
  2 leopard gecko skeletons
  13 rats
  A fulminant prism (D:8)
183 creatures vanquished.

Vanquished Creatures (others)
  5 fulminant prisms
5 creatures vanquished.

Grand Total: 188 creatures vanquished

Notes
Turn   | Place    | Note
-------+----------+-------------------------------------------
     0 | D:1      | graki42 the Deep Elf Conjurer began the quest for the Orb.
     0 | D:1      | Reached XP level 1. HP: 10/10 MP: 6/6
   224 | D:1      | Reached XP level 2. HP: 11/15 MP: 2/8
   228 | D:1      | Learned a level 2 spell: Searing Ray
   512 | D:1      | Reached skill level 5 in Conjurations
   966 | D:2      | Reached XP level 3. HP: 19/19 MP: 6/9
  1351 | D:2      | Reached XP level 4. HP: 24/24 MP: 9/11
  1397 | D:2      | Found a shimmering altar of Xom.
  1510 | D:2      | Reached skill level 4 in Spellcasting
  1982 | D:2      | Learned a level 4 spell: Fulminant Prism
  1987 | D:2      | Learned a level 4 spell: Iskenderun's Mystic Blast
  2149 | D:3      | Reached XP level 5. HP: 28/28 MP: 11/14
  2201 | D:3      | Found a glowing drain.
  2220 | Sewer    | Entered a sewer
  2314 | Sewer    | Reached skill level 5 in Spellcasting
  2778 | D:3      | Found a sacrificial altar of Ru.
  3042 | D:3      | Found a radiant altar of Vehumet.
  3042 | D:3      | Found an opulent altar of Gozag.
  3141 | D:3      | Became a worshipper of Vehumet
  3189 | D:3      | Found a faded altar of an unknown god.
  3280 | D:4      | Reached skill level 1 in Hexes
  3327 | D:4      | Reached skill level 1 in Translocations
  3378 | D:4      | Noticed Menkaure
  3384 | D:4      | Killed Menkaure
  3384 | D:4      | Reached XP level 6. HP: 32/32 MP: 10/16
  3500 | D:4      | Noticed Robin
  3504 | D:4      | Killed Robin
  3608 | D:4      | Found a snail-covered altar of Cheibriados.
  3762 | D:4      | Reached skill level 6 in Spellcasting
  3765 | D:4      | Reached * piety under Vehumet
  3765 | D:4      | Offered knowledge of Freeze by Vehumet.
  4023 | D:5      | Entered Level 5 of the Dungeon
  4064 | D:5      | Reached XP level 7. HP: 36/36 MP: 13/18
  4102 | D:5      | Noticed Eustachio
  4116 | D:5      | Killed Eustachio
  4327 | D:5      | Noticed Pikel
  4389 | D:5      | Killed Pikel
  4389 | D:5      | Reached skill level 7 in Spellcasting
  4389 | D:5      | Reached skill level 5 in Hexes
  4389 | D:5      | Reached XP level 8. HP: 41/41 MP: 7/21
  4765 | D:5      | Noticed Blork the orc
  4771 | D:5      | Killed Blork the orc
  4888 | D:6      | Found a hide-covered altar of Uskayaw.
  4888 | D:6      | Noticed a +0 dagger
  4888 | D:6      | Noticed a +0 dagger
  4927 | D:6      | Reached skill level 8 in Spellcasting
  4940 | D:6      | Reached skill level 5 in Translocations
  5177 | D:6      | Offered knowledge of Shock by Vehumet.
  5221 | D:6      | Found a white marble altar of Elyvilon.
  5369 | D:6      | Reached XP level 9. HP: 45/45 MP: 15/23
  5534 | D:6      | Reached ** piety under Vehumet
  6138 | D:7      | Reached skill level 9 in Spellcasting
  6241 | D:7      | Found a blossoming altar of Fedhas.
  6302 | D:7      | Found an ancient bone altar of Kikubaaqudgha.
  6694 | D:7      | Found a staircase to the Ecumenical Temple.
  6695 | D:7      | Noticed Prince Ribbit
  6701 | D:7      | Killed Prince Ribbit
  6876 | D:8      | Found a basalt altar of Yredelemnul.
  7012 | D:8      | Found a staircase to the Lair.
  7012 | D:8      | Noticed a death yak
  7012 | D:8      | Noticed a death yak
  7012 | D:8      | Noticed a death yak
  7014 | D:8      | Noticed a death yak
  7014 | D:8      | Noticed a death yak
  7016 | D:8      | Noticed a death yak
  7016 | D:8      | Noticed a death yak
  7017 | D:8      | Noticed a death yak
  7212 | D:6      | Killed a death yak
  7212 | D:6      | Reached skill level 10 in Spellcasting
  7379 | D:8      | Killed by an exploding fulminant prism

Illustrated notes

Levels and vault maps discovered:
D:1:      dpeg_arrival_orchard, layout_basic, kennysheep_decorative_pillar,
          roderic_filled_cross
D:2:      layout_rooms, marbit_many_paths, grunt_ministairs_3
D:3:      layout_rooms, lemuel_round_altar, gammafunk_temple_overflow_pools,
          portal_sewer_entry_c, chequers_ecumenical_altar_island
D:4:      layout_basic, cheibriados_altar_1, uniq_robin, uniq_menkaure
D:5:      layout_rooms, uniq_eustachio, uniq_pikel, uniq_blork_the_orc
D:6:      layout_loops_ring, kennysheep_mini_moat, dancing_weapons_uskayaw,
          hangedman_decor_riveting
D:7:      layout_loops_ring, old_standard_altar, kennysheep_little_box,
          minmay_temple_entry_statues, uniq_prince_ribbit1
D:8:      layout_loops_cross, yredelemnul_altar_generic, dpeg_lair_monsters,
          uniq_maurice

Skill      XL: |  1  2  3  4  5  6  7  8  9 |
---------------+----------------------------+-----
Conjurations   | 5 6 7 8 9 |  9.4
Dodging        | 3 |  3.0
Stealth        | 3 |  3.0
Spellcasting   | 4 5 6 7 8 10 | 10.0
Hexes          | 2 3 5 6 8 |  8.6
Translocations | 1 2 4 5 7 |  7.1

Action                   |  1- 3 |  4- 6 |  7- 9 || total
-------------------------+-------+-------+-------++-------
 Cast: Magic Dart        |    56 |    67 |    35 ||   158
       Searing Ray       |     5 |    24 |    52 ||    81
       Iskenderun's Myst |       |       |    11 ||    11
       Fulminant Prism   |       |       |     7 ||     7
Evoke: Wand              |       |       |     1 ||     1
  Use: Scroll            |       |     4 |       ||     4
Armor: Robe              |       |     2 |     4 ||     6
Dodge: Dodged            |     1 |    11 |    25 ||    37

Table legend: (Time is in decaauts)
 A = Elapsed time spent in this place.
 B = Non-inter-level travel time spent in this place.
 C = Inter-level travel time spent in this place.
 D = Time resting spent in this place.
 E = Time spent auto-exploring this place.
 F = Levels seen in this place.
 G = Mean time per level.
                   A        B        C        D        E       F      G
               +--------+--------+--------+--------+--------+-----+--------+
         Total |   7436 |   7194 |    242 |    896 |   5332 |   9 |  826.2 |
       Dungeon |   6893 |   6651 |    242 |    834 |   4947 |   8 |  861.6 |
         Sewer |    543 |    543 |      0 |     62 |    385 |   1 |  543.0 |
               +--------+--------+--------+--------+--------+-----+--------+

Top non-repeatable levels by time:
     D:6: 1564 daAuts
     D:2: 1044 daAuts
     D:1: 962 daAuts
     D:5: 864 daAuts
     D:3: 777 daAuts
     D:7: 747 daAuts
     D:4: 745 daAuts
   Sewer: 543 daAuts
     D:8: 186 daAuts
